 Dungeon Crawl Stone Soup version 0.30-a0-358-g0d69a1922f (webtiles) character file.

Game seed: 16290674344825657343

4461 Manisia the Slicer (level 10, -4/46 HPs)
             Began as a Spriggan Enchanter on Nov 10, 2022.
             Was a Follower of Dithmenos.
             Slain by an unseen horror simulacrum (18 damage)
             ... on level 9 of the Dungeon.
             The game lasted 00:23:03 (9198 turns).

Manisia the Slicer (Spriggan Enchanter)             Turns: 9198, Time: 00:23:04

Health: -4/46      AC:  7    Str:  4    XL:     10   Next: 15%
Magic:  20/22      EV: 19    Int: 18    God:    Dithmenos [*.....]
Gold:   465        SH:  7    Dex: 19    Spells: 9/24 levels left

rFire   . . .      SeeInvis +    n - +2 quick blade (venom)
rCold   . . .      Faith    .    i - +2 buckler
rNeg    + . .      Spirit   .    b - +2 robe
rPois   +          Reflect  .    (helmet restricted)
rElec   .          Harm     .    y - +2 cloak {rPois}
rCorr   .          Rampage  .    (gloves unavailable)
Will    +....                    (boots unavailable)
Stlth   +++++.....               (no amulet)
HPRegen 0.27/turn                o - ring of wizardry
MPRegen 0.18/turn                C - ring of positive energy

@: confusing by touch, wreathed by umbra, very quick
A: very small, no large weapons, unfitting armour, see invisible, speed 3
a: Renounce Religion


You were on level 9 of the Dungeon.
You worshipped Dithmenos.
Dithmenos was aware of your devotion.
You visited 2 branches of the dungeon, and saw 10 of its levels.
You also visited: Sewer and Ossuary.

You collected 465 gold pieces.

Inventory:

Hand Weapons
 a - a +1 dagger of freezing
 e - a +0 vampiric dagger
 h - a +1 dagger of holy wrath
 m - a +2 dagger of protection
 n - a +2 quick blade of venom (weapon)
Missiles
 l - 31 poisoned darts (quivered)
Armour
 b - a +2 robe (worn)
 i - a +2 buckler (worn)
 y - a +2 cloak of poison resistance (worn)
Jewellery
 o - a ring of wizardry (left hand)
 C - a ring of positive energy (right hand)
 D - a ring of magical power
Scrolls
 d - 2 scrolls of amnesia
 p - 2 scrolls of fog
 u - 4 scrolls of blinking
 A - a scroll of teleportation
 B - a scroll of magic mapping
 E - a scroll of vulnerability {unknown}
Potions
 c - 3 potions of invisibility
 f - 2 potions of lignification
 g - 10 potions of curing
 j - 7 potions of mutation
 k - 2 potions of haste
 q - 3 potions of ambrosia
 r - 3 potions of brilliance
 s - 3 potions of resistance
 t - a potion of attraction
 v - 3 potions of flight
 w - 2 potions of magic {unknown}
 x - 2 potions of heal wounds {unknown}
 z - a potion of cancellation {unknown}
 F - a potion of degeneration {unknown}


   Skills:
 + Level 2.0 Fighting
 + Level 9.7 Short Blades
 + Level 5.3 Dodging
 + Level 8.7 Stealth
 + Level 7.7 Spellcasting
 + Level 0.9 Conjurations
 + Level 8.5 Hexes
 + Level 3.3 Ice Magic


You had 9 spell levels left.
You knew the following spells:

 Your Spells              Type           Power      Damage    Failure   Level
a - Ensorcelled Hibernat  Hex/Ice        56%        N/A       1%          2
b - Confusing Touch       Hex            37%        N/A       1%          3
c - Dazzling Flash        Conj/Hex       48%        N/A       4%          3
d - Vampiric Draining     Necr           7%         2d6       26%         3
e - Cause Fear            Hex            18%        N/A       2%          4

Your spell library contained the following spells:

 Spells                   Type           Power      Damage    Failure   Level
 Tukima's Dance           Hex            37%        N/A       1%          3
 Freeze                   Ice            76%        1d8       2%          1
 Frozen Ramparts          Ice            38%        1d6       7%          3
 Foxfire                  Conj/Fire      32%        2x1d5     8%          1
 Apportation              Tloc           14%        N/A       9%          1
 Necrotise                Necr           28%        1d5       9%          1
 Summon Small Mammal      Summ           28%        N/A       9%          1
 Hailstorm                Conj/Ice       14%        3d5       11%         3
 Silence                  Hex/Air        11%        N/A       38%         5
 Passage of Golubria      Tloc           7%         N/A       61%         4
 Summon Lightning Spire   Summ/Air       7%         N/A       61%         4
 Fireball                 Conj/Fire      4%         3d4       86%         5
 Agony                    Necr           7%         N/A       91%         5
 Starburst                Conj/Fire      4%         6d3       100%        6
 Dragon Form              Tmut           3%         N/A       100%        7
 Storm Form               Tmut/Air       3%         N/A       100%        7
 Lehudib's Crystal Spear  Conj/Erth      4%         10d3      100%        8
 Maxwell's Capacitive Co  Air            3%         ∞         100%        8
 Dragon's Call            Summ           3%         N/A       100%        9


Dungeon Overview and Level Annotations

Branches:
Dungeon (9/15)             Temple (1/1) D:4           Sewer (visited)
Ossuary (visited)
   Lair: D:8-11         Orc: D:9-12

Altars:
Ashenzari
Cheibriados
Dithmenos
Elyvilon
Fedhas
Gozag
Hepliaklqana
Kikubaaqudgha
Makhleb
Nemelex Xobeh
Okawaru
Ru
Trog
Uskayaw
Vehumet
Wu Jian
Xom
Yredelemnul
Zin
The Shining One

Annotations:
D:4 2 transporters
D:8 exclusions: ice statue and obsidian statue


Innate Abilities, Weirdness & Mutations

You are very small and have problems with some larger weapons.
You are too small for most types of armour.
You have supernaturally acute eyesight. (SInv)
You cover ground extremely quickly. (Speed+++)


Message History

Casting: Dazzling Flash (dangerous; 4% risk of failure)
Confirm with . or Enter, or press ? or * to list all spells.
Your hands begin to glow red.
The orc shouts!
The polar bear growls angrily.
You hear a shout! x2
The unseen horror simulacrum misses you.
You block the unseen horror simulacrum's attack.
A kobold comes into view. It is wielding a +0 short sword.
The unseen horror simulacrum hits you.
The unseen horror simulacrum freezes you!
The kobold shouts!
The orc shouts!
The orc wizard shouts!
The kobold shouts!
You hit the polar bear but do no damage.
You hear a shout!
The unseen horror simulacrum misses you.
A kobold comes into view. It is wielding a +0 club.
The kobold shouts!
You hit the polar bear but do no damage.
The unseen horror simulacrum completely misses you.
The electric eel shoots out a bolt of lightning at you!
The bolt of electricity hits you!
The polar bear bites you but does no damage.
The polar bear claws you but does no damage.
You block the polar bear's attack.
The unseen horror simulacrum closely misses you.
The unseen horror simulacrum attacks as you move away!
The unseen horror simulacrum hits you.
The unseen horror simulacrum freezes you!
The unseen horror simulacrum hits you but does no damage.
The unseen horror simulacrum hits you but does no damage.
The unseen horror simulacrum attacks as you move away!
The unseen horror simulacrum barely misses you.
The unseen horror simulacrum barely misses you.
You block the unseen horror simulacrum's attack.
The unseen horror simulacrum hits you but does no damage.
The unseen horror simulacrum completely misses you.
The unseen horror simulacrum attacks as you move away!
The unseen horror simulacrum completely misses you.
The unseen horror simulacrum hits you.
The unseen horror simulacrum freezes you!!
You die...

#.# #.# ###### #.# ####
###.####....# #.# #....
##.....##....# #.# .....
#>......#....# #?# #..~~.
#.......#....# #.##..~.~o
#.##+##......# #.#...≈~~~
#########.##.###.....###.#.#..S~~
#.......#.##....@Z....h.......~~~
#.#####........##..........o...~~
#(#...#........##....####.##...K~
#.#.#..<.......##....# #.# .....
#.........##.####....# #.# .....
#.........##.# #....# #.# (....
#.........# # #....# #.. .....
#.........# ###### ### .....
##.......## .....


You could see a polar bear and an unseen horror simulacrum.

Vanquished Creatures
  Grinder (D:3)
  A wraith (Ossuary)
  A steam dragon (D:7)
  Menkaure (D:5)
  A water moccasin (D:6)
  A sky beast (D:7)
  An orc warrior (D:7)
  Pargi (Sewer)
  2 ice beasts
  A hornet zombie (D:6)
  2 black bears
  3 ogres
  A centaur (D:5)
  2 phantoms
  2 kobold brigands (D:7)
  2 necrophages (D:6)
  A gnoll sergeant (D:5)
  3 bullfrogs
  3 scorpions
  4 water moccasin zombies (Ossuary)
  8 killer bees (D:8)
  2 bullfrog zombies (D:6)
  2 centaur zombies (Ossuary)
  A hound (D:7)
  A jelly (D:5)
  7 orc priests
  A bullfrog skeleton (D:6)
  Natasha (thrice) (D:4)
  5 iguanas
  3 scorpion zombies (Ossuary)
  11 orc wizards
  An ogre zombie (Ossuary)
  8 gnolls
  8 adders
  A shadow imp (D:6)
  A white imp (D:5)
  2 ufetubi
  2 adder zombies (Ossuary)
  4 worms
  2 dart slugs (D:1)
  33 orcs
  6 ball pythons
  9 endoplasms
  11 giant cockroaches
  4 gnoll zombies (Ossuary)
  8 goblins
  9 hobgoblins
  6 jackals
  6 quokkas
  7 bats
  A frilled lizard (D:1)
  4 goblin zombies (Ossuary)
  5 hobgoblin zombies (Ossuary)
  18 kobolds
  5 orc zombies (Ossuary)
  3 rats
242 creatures vanquished.

Notes
Turn   | Place    | Note
-------+----------+-------------------------------------------
     0 | D:1      | Manisia the Spriggan Enchanter began the quest for the Orb.
     0 | D:1      | Reached XP level 1. HP: 9/9 MP: 5/5
   151 | D:1      | Reached XP level 2. HP: 11/13 MP: 6/6
   158 | D:1      | Learned a level 2 spell: Ensorcelled Hibernation
   195 | D:1      | Reached skill level 5 in Stealth
   858 | D:1      | Reached XP level 3. HP: 16/16 MP: 3/8
   917 | D:1      | Reached skill level 2 in Short Blades
  1200 | D:1      | Learned a level 3 spell: Confusing Touch
  1204 | D:1      | Learned a level 3 spell: Dazzling Flash
  1453 | D:2      | Reached XP level 4. HP: 21/21 MP: 1/9
  1690 | D:2      | Found a faded altar of an unknown god.
  1893 | D:2      | Found a glowing golden altar of the Shining One.
  2053 | D:3      | Found a white marble altar of Elyvilon.
  2054 | D:3      | Noticed Grinder
  2060 | D:3      | Found a glowing silver altar of Zin.
  2075 | D:3      | Killed Grinder
  2076 | D:3      | Reached skill level 1 in Fighting
  2076 | D:3      | Reached skill level 4 in Short Blades
  2076 | D:3      | Reached skill level 1 in Ice Magic
  2076 | D:3      | Reached XP level 5. HP: 25/25 MP: 7/12
  2076 | D:3      | Reached XP level 6. HP: 30/30 MP: 7/13
  2449 | D:3      | Learned a level 3 spell: Vampiric Draining
  2901 | D:4      | Noticed a kobold demonologist
  2921 | D:4      | Found a transporter.
  2924 | D:4      | Found a basalt altar of Yredelemnul.
  2940 | D:4      | Reached skill level 5 in Hexes
  2974 | D:4      | Reached skill level 5 in Short Blades
  3016 | D:4      | Found a staircase to the Ecumenical Temple.
  3033 | D:4      | Reached XP level 7. HP: 31/33 MP: 1/15
  3063 | Temple   | Entered the Ecumenical Temple
  3383 | D:4      | Reached skill level 5 in Spellcasting
  3408 | D:4      | Found a sand-covered staircase.
  3453 | Ossuary  | Entered an ossuary
  3630 | Ossuary  | Reached skill level 6 in Short Blades
  3860 | Ossuary  | Reached skill level 7 in Short Blades
  3977 | Ossuary  | Reached XP level 8. HP: 39/39 MP: 12/16
  4070 | Ossuary  | Noticed a silent spectre
  4150 | D:4      | Reached skill level 8 in Short Blades
  4418 | D:4      | Noticed Natasha
  4420 | D:4      | Killed Natasha
  4424 | D:4      | Found a transporter.
  4499 | D:4      | Noticed Natasha
  4504 | D:4      | Killed Natasha
  4615 | D:4      | Noticed Natasha
  4621 | D:4      | Killed Natasha
  4877 | D:5      | Entered Level 5 of the Dungeon
  5195 | D:5      | Reached XP level 9. HP: 42/42 MP: 15/18
  5200 | D:5      | Learned a level 4 spell: Cause Fear
  5434 | D:5      | Found a hazy altar of Hepliaklqana.
  5486 | D:5      | Noticed Menkaure
  5489 | D:5      | Killed Menkaure
  5658 | D:5      | Reached skill level 9 in Short Blades
  5954 | D:6      | Found a glowing drain.
  5966 | Sewer    | Entered a sewer
  5993 | Sewer    | Noticed Pargi
  5995 | Sewer    | Killed Pargi
  6118 | D:6      | Found a shadowy altar of Dithmenos.
  6140 | D:6      | Became a worshipper of Dithmenos the Shadowed
  7016 | D:7      | Reached * piety under Dithmenos
  7118 | D:7      | Found a snail-covered altar of Cheibriados.
  7124 | D:7      | Found a burning altar of Makhleb.
  7129 | D:7      | Found a sacrificial altar of Ru.
  7132 | D:7      | Found an iron altar of Okawaru.
  7134 | D:7      | Found a glowing golden altar of the Shining One.
  7139 | D:7      | Found a broken altar of Ashenzari.
  7202 | D:7      | Reached skill level 5 in Dodging
  7520 | D:7      | Reached XP level 10. HP: 46/46 MP: 22/22
  7899 | D:7      | Identified a scroll of acquirement
  7899 | D:7      | Acquired a +2 quick blade of venom
  8181 | D:8      | Noticed an ice statue
  8513 | D:8      | Found a hide-covered altar of Uskayaw.
  8751 | D:8      | Noticed an obsidian statue
  9198 | D:9      | Slain by an unseen horror simulacrum

Illustrated notes

Levels and vault maps discovered:
D:1:      nicolae_arrival_somewhat_less_tricky_arrival, layout_basic
D:2:      layout_basic, basic_altar, chequers_ecumenical_altar_twisty,
          grunt_decor_arrowhead
D:3:      layout_basic, mainiacjoe_overflow_catwalk_spiral, uniq_grinder
D:4:      gammafunk_wand_slinger, layout_loops_ring,
          minmay_temple_entry_large_hall, enter_ossuary_1, grunt_ministairs_9,
          minmay_ruined_shrine, uniq_natasha
D:5:      layout_loops_ring, mainiacjoe_overflow_surrounded_room, serial_glass,
          glass_columns_a, glass_columns_a, glass_columns_a, glass_columns_c,
          glass_columns_a, glass_columns_a, item_on_display_a, uniq_menkaure
D:6:      layout_rooms, mainiacjoe_overflow_alcove_1, portal_sewer_entry_d,
          serial_undead, serial_undead_b, serial_undead_d, serial_undead_f,
          serial_undead_f
D:7:      layout_loops_ring, nicolae_overflow_hallway_of_the_gods
D:8:      minmay_separated_statues, layout_basic, mainiacjoe_overflow_boulevard,
          serial_corexii_hall, corexii_hall_statues_s, corexii_hall_statues_l,
          hangedman_decor_opposing
D:9:      layout_basic, nicolae_overflow_hidden_temple, orc_0_dummy, serial_ice,
          serial_ice_k, serial_ice_f, serial_ice_b, serial_ice_o,
          minmay_circle_x
Temple:   nicolae_temple_bog_church

Skill      XL: |  1  2  3  4  5  6  7  8  9 |
---------------+----------------------------+-----
Stealth        | 5 7 8 |  8.7
Hexes          | 4 5 8 |  8.5
Spellcasting   | 3 4 5 7 |  7.7
Short Blades   | 2 4 5 7 8 9 |  9.7
Fighting       | 1 2 |  2.0
Dodging        | 3 4 5 |  5.3
Ice Magic      | 1 2 3 |  3.3
Conjurations   | |  0.9

Action                   |  1- 3 |  4- 6 |  7- 9 | 10-12 || total
-------------------------+-------+-------+-------+-------++-------
Melee: Dagger            |    66 |   133 |   609 |    15 ||   823
       Punch             |       |     3 |     9 |       ||    12
       Quick blade       |       |       |       |    61 ||    61
 Cast: Ensorcelled Hiber |    30 |    22 |    57 |     4 ||   113
       Confusing Touch   |       |     2 |    22 |     3 ||    27
       Dazzling Flash    |       |     2 |    15 |     6 ||    23
  Use: Scroll            |     5 |     9 |     8 |     4 ||    26
       Potion            |       |     1 |     2 |       ||     3
 Stab: Sleeping          |    30 |    16 |    59 |     5 ||   110
       Confused          |       |     4 |    21 |     2 ||    27
       Invisible         |       |     1 |    18 |     7 ||    26
       Distracted        |       |     1 |       |       ||     1
Armor: Robe              |     6 |     6 |   114 |    10 ||   136
       Skin              |       |       |    56 |       ||    56
Dodge: Dodged            |    36 |   100 |   405 |    51 ||   592
Block: Buckler           |       |       |       |     4 ||     4

Table legend: (Time is in decaauts)
 A = Elapsed time spent in this place.
 B = Non-inter-level travel time spent in this place.
 C = Inter-level travel time spent in this place.
 D = Time resting spent in this place.
 E = Time spent auto-exploring this place.
 F = Levels seen in this place.
 G = Mean time per level.
                   A        B        C        D        E       F      G
               +--------+--------+--------+--------+--------+-----+--------+
         Total |   6704 |   6552 |    152 |    159 |   4899 |  12 |  558.7 |
       Dungeon |   5871 |   5723 |    148 |    159 |   4415 |   9 |  652.3 |
        Temple |    213 |    209 |      4 |      0 |    185 |   1 |  213.0 |
         Sewer |     93 |     93 |      0 |      0 |     59 |   1 |   93.0 |
       Ossuary |    526 |    526 |      0 |      0 |    238 |   1 |  526.0 |
               +--------+--------+--------+--------+--------+-----+--------+

Top non-repeatable levels by time:
     D:1: 963 daAuts
     D:7: 864 daAuts
     D:4: 750 daAuts
     D:8: 729 daAuts
     D:3: 688 daAuts
     D:6: 664 daAuts
     D:5: 655 daAuts
 Ossuary: 526 daAuts
     D:2: 515 daAuts
  Temple: 213 daAuts
   Sewer: 93 daAuts
     D:9: 39 daAuts
